 Dungeon Crawl Stone Soup version 0.32-a0-7-ge934b4519a (webtiles) character file.

Game seed: 15322705978772149419

1552101 swappor the Conqueror (level 27, 265/273 HPs)
             Began as a Minotaur Berserker on Jan 14, 2024.
             Was the Champion of Trog.
             Escaped with the Orb
             ... and 3 runes!
             The game lasted 07:47:08 (83995 turns).

swappor the Conqueror (Minotaur Berserker)         Turns: 83995, Time: 07:47:08

Health: 265/273    AC: 51    Str: 31    XL:     27
Magic:  19/19      EV: 13    Int:  9    God:    Trog [******]
Gold:   3765       SH: 18    Dex: 11    Spells: 26/26 levels left

rFire   + + +        a - +9 demon whip (spect)
rCold   + + .        g - +3 kite shield "Addeusyo" {Slay+3}
rNeg    . . .        t - +9 gold dragon scales
rPois   +            R - +2 hat {SInv}
rElec   +            z - +2 cloak of Hubris {Will+ rCorr}
rCorr   +            x - +2 pair of gloves
SInv    +            L - +2 pair of boots {Fly}
Will    +++++        y - amulet of Noon {Spirit ^Contam rElec rF+++ Will+} Stlth
                     M - ring of Tiethas {rF++ rC+}
HPRegen 0.65/turn    I - ring of Rudgh {Will++ AC+6 Str-2 Int+3 Slay+5}
MPRegen 0.16/turn

%: guardian spirit
@: flying, hasted, studying Stealth, very quick
A: horns 2, retaliatory headbutt, low MP 1, screaming 1
0: Orb of Zot
}: 3/15 runes: decaying, serpentine, silver
a: Renounce Religion, Berserk, Trog's Hand, Brothers in Arms


You escaped.
You worshipped Trog.
Trog was exalted by your worship.
You visited 10 branches of the dungeon, and saw 49 of its levels.
You also visited: Sewer, Ice Cave, Wizlab and Desolation.

You collected 9580 gold pieces.
You spent 5815 gold pieces at shops.

Inventory:

Hand Weapons
 a - a +9 spectral demon whip (weapon)
 b - a +9 broad axe of flaming
 C - the +7 war axe "Vaz Faeta" {heavy, +Blink Str+2}
   (Trog gifted it to you in the Desolation of Salt)

   Str+2:     It affects your strength (+2).
   +Blink:    It lets you blink.
Missiles
 d - a javelin
 q - 31 boomerangs (quivered)
 E - 4 throwing nets
 G - 3 poisoned darts
 K - 3 atropa-tipped darts
 Y - 12 curare-tipped darts
Armour
 g - the +3 kite shield "Addeusyo" (worn) {Slay+3}
   (You found it in the Desolation of Salt)

   Slay+3:    It affects your accuracy & damage with ranged weapons and melee
   (+3).
 t - +9 gold dragon scales (worn)
 x - a +2 pair of gloves (worn)
 z - the +2 cloak of Hubris (worn) {Will+ rCorr}
   (You acquired it on level 14 of the Dungeon)

   Will+:     It increases your willpower.
   rCorr:     It protects you from acid and corrosion.
 L - a +2 pair of boots of flying (worn)
 R - a +2 hat of see invisible (worn)
 T - a +1 tower shield of cold resistance
Jewellery
 f - a +6 ring of intelligence
 y - the amulet of Noon (around neck) {Spirit ^Contam rElec rF+++ Will+}
   (You took it off an imperial myrmidon in the Desolation of Salt)

   [amulet of guardian spirit]

   Spirit:    It causes incoming damage to be divided between your reserves of
   health and magic.
   rF+++:     It renders you almost immune to fire.
   rElec:     It insulates you from electricity.
   Will+:     It increases your willpower.
   ^Contam:   It causes magical contamination when unequipped.
 I - the ring of Rudgh (right hand) {Will++ AC+6 Str-2 Int+3 Slay+5}
   (You bought it in a shop on level 1 of the Snake Pit)

   [ring of protection]

   AC+6:      It affects your AC (+6).
   Str-2:     It affects your strength (-2).
   Int+3:     It affects your intelligence (+3).
   Slay+5:    It affects your accuracy & damage with ranged weapons and melee
   (+5).
   Will++:    It greatly increases your willpower.
 M - the ring of Tiethas (left hand) {rF++ rC+}
   (You found it in the Desolation of Salt)

   [ring of protection from cold]

   rF++:      It greatly protects you from fire.
   rC+:       It protects you from cold.
 N - the amulet "Zegu" {Spirit Str+5}
   (You found it on level 2 of the Depths)

   [amulet of guardian spirit]

   Spirit:    It causes incoming damage to be divided between your reserves of
   health and magic.
   Str+5:     It affects your strength (+5).
Wands
 i - a wand of flame (94)
 u - a wand of roots (85)
 W - a wand of digging (36)
Scrolls
 h - 8 scrolls of noise
 k - 12 scrolls of fear
 l - 20 scrolls of teleportation
 m - 7 scrolls of fog
 n - 4 scrolls of immolation
 r - a scroll of enchant armour
 v - 4 scrolls of revelation
 w - 2 scrolls of torment
 B - 16 scrolls of poison
 P - 2 scrolls of butterflies
 Q - 7 scrolls of blinking
 V - 3 scrolls of silence
 X - 2 scrolls of brand weapon
 Z - 4 scrolls of enchant weapon
Potions
 c - 11 potions of might
 e - 5 potions of cancellation
 j - 12 potions of mutation
 o - 8 potions of haste
 p - 6 potions of ambrosia
 s - 9 potions of enlightenment
 A - 9 potions of heal wounds
 D - 9 potions of lignification
 F - 8 potions of invisibility
 H - 22 potions of curing
 J - 12 potions of attraction
 S - 3 potions of resistance
Miscellaneous
 O - a phial of floods
 U - a phantom mirror


   Skills:
 O Level 27 Fighting
 - Level 20.0(24.8) Axes
 - Level 24.4(27) Maces & Flails
 - Level 20.0 Throwing
 - Level 20.0 Armour
 - Level 20.0 Dodging
 + Level 22.0 Shields


You had 26 spell levels left.
You didn't know any spells.
Your spell library was empty.

Dungeon Overview and Level Annotations

Branches:
Dungeon (15/15)            Temple (0/1) D:5            Lair (5/5) D:8
  Swamp (4/4) Lair:3        Snake (4/4) Lair:2        Slime (0/5) Lair:5
    Orc (2/2) D:11            Elf (3/3) Orc:2        Vaults (5/5) D:13
  Crypt (2/3) Vaults:3     Depths (4/4) D:15            Zot (5/5) Depths:4
  Sewer (visited)           IceCv (visited)          WizLab (visited)
Desolation (visited)

Altars:
Ashenzari
Cheibriados
Dithmenos
Elyvilon
Fedhas
Kikubaaqudgha
Nemelex Xobeh
Okawaru
Qazlal
Ru
Sif Muna
Trog
Uskayaw
Vehumet
Wu Jian
Xom
Yredelemnul
Zin
The Shining One
Lugonu

Shops:
D:2 [   D:3 :   D:9 :   D:12 *   Orc:1 (   Orc:2 ?!!*   Elf:3 !   Snake:1 !=
Vaults:1 [?*(   Vaults:2 (   Vaults:3 *   Vaults:4 [   Depths:2 !

Portals:
Hell: Depths:1 Depths:2 Depths:3 Depths:4
Abyss: Zot:3 Depths:2 Depths:3
Pandemonium: Depths:2 Depths:3
Ziggurat: Depths:1
Trove: D:12 (give +6 demon trident)

Annotations:
D:3 1 runed translucent door, Ofeo's ghost, amateur NaHu
D:5 1 runed translucent door, Xavori's ghost, novice DjCK
Swamp:3 2 transporters, Don Ynad's ghost, adept FoDe
Depths:1 3 runed translucent doors, Zaitink's ghost, adept DgAE
Zot:5 1 exclusion


Innate Abilities, Weirdness & Mutations

You have a pair of horns on your head.
You reflexively headbutt those who attack you in melee.
Your magical capacity is low. (-10% MP)
You occasionally shout uncontrollably at your foes.


Message History

The blizzard demon gestures at you.
The freezing blast engulfs you but does no damage.
You are engulfed in freezing vapours.
You resist.
There is a stone staircase leading up here.
You are engulfed in freezing vapours.
You resist.
You fly upwards.
Level annotation: 1 runed translucent door, Ofeo's ghost, amateur NaHu
There is a stone staircase leading down here.
There is a stone staircase leading up here.
You fly upwards.
There is a stone staircase leading down here.
There is a stone staircase leading up here.
You fly upwards.
There is a stone staircase leading down here.
An Orb Guardian comes into view.
The Orb Guardian hits you but does no damage.
The Orb Guardian attacks as it pursues you!
The Orb Guardian hits you but does no damage. x2
The Orb Guardian attacks as it pursues you!
You block the Orb Guardian's attack.
The Orb Guardian attacks as it pursues you!
The Orb Guardian hits you but does no damage.
The Orb Guardian attacks as it pursues you!
The Orb Guardian hits you but does no damage. x2
The Orb Guardian attacks as it pursues you!
The Orb Guardian hits you!! The Orb Guardian barely misses you.
You furiously retaliate!
You headbutt the Orb Guardian!
You feel yourself speed up.
The Orb Guardian hits you but does no damage.
You thrash the Orb Guardian!!
The Orb Guardian is heavily wounded.
Your +9 spectral demon whip hits the Orb Guardian!!!
You catch the helpless Orb Guardian completely off-guard!
You thrash the Orb Guardian!!
You kill the Orb Guardian!
Trog accepts your kill.
Your +9 spectral demon whip disappears.
There is a staircase leading out of the dungeon here.
You have escaped!

#.#.##.##.##.## #####.#.#
##.#..##..#≈..# ###.....#.#
######..#.#..## #...#####.#
#..##.####.##.# #.### #.#
#.≈..≈..#.##.## #.# #.#
#.#≈≈#.###.#..# ##.# #.#
##.≈.#.#§.###.# #..#######.#
#####..#.#.##.#..#####.#...†....#
...#.###.##..#..@#.....#.########
##.#.###.#########.#####.###....#
#.................# #........#
##.#...############# #####.####
...#...# #####.# ##.##### #.....#
###### #.##### .....# #.# ####.#
#.#


There were no monsters in sight!

Vanquished Creatures
  4 dread liches
  4 orbs of fire
  4 ancient liches
  A juggernaut (Depths:4)
  Parghit (Zot:1)
  Vv (Zot:1)
  Xtahua (Vaults:4)
  Josephina (Depths:2)
  Boris (twice) (Vaults:2 Depths:4)
  Bai Suzhen (Vaults:3)
  4 curse toes
  6 Killer Klowns
  8 golden dragons
  Jory (Vaults:5)
  3 bone dragons
  3 hellephants
  2 electric golems
  11 tentacled monstrosities
  A walking crystal tome (Depths:3)
  Mlioglotl (Snake:1)
  28 Orb Guardians
  Jorgrun (Orc:1)
  5 liches
  4 quicksilver dragons
  4 deep elf blademasters
  A walking frostbound tome (Depths:3)
  5 titans
  Asterion (Snake:1)
  8 deep elf master archers
  5 sphinxes
  2 thorn hunters (Swamp:3)
  6 death cobs
  11 storm dragons
  3 nagarajas
  Frances (Snake:1)
  8 tengu reavers
  14 shadow dragons
  Aizul (Snake:1)
  4 protean progenitors
  2 daevas
  7 draconian monks
  5 fenstrider witches
  3 iron dragons
  A deep elf elementalist (Elf:3)
  22 vault wardens
  10 fire giants
  8 draconian shifters
  4 draconian scorchers
  12 frost giants
  A curse skull (Crypt:1)
  6 draconian knights
  4 deep elf sorcerers
  5 draconian stormcallers
  2 imperial myrmidons (Desolation)
  2 orc warlords
  2 ghost moths
  6 spriggan defenders
  A balrug (Depths:4)
  An angel (Vaults:1)
  3 draconian annihilators
  19 ironbound preservers
  8 very ugly things
  5 formless jellyfish
  6 vampire knights
  19 stone giants
  10 ironbound thunderhulks
  7 green draconians
  15 deep elf demonologists
  8 eleionomae
  A halazid warlock (Desolation)
  10 yellow draconians
  3 war gargoyles
  5 black draconians
  A lorocyproca (Depths:3)
  9 deep elf annihilators
  Azrael (Snake:2)
  11 purple draconians
  6 white draconians
  3 deep elf death magi
  3 bunyips
  17 dire elephants
  9 red draconians
  3 spark wasps
  2 eidola (Crypt:2)
  Snorg (Lair:5)
  An acid blob zombie (Crypt:1)
  10 ettins
  4 crystal guardians
  3 jiangshi
  4 shambling mangroves
  A quicksilver dragon zombie (Depths:1)
  5 fire dragons
  An entropy weaver (shapeshifter) (Elf:2)
  19 yaktaur captains
  7 deep elf high priests
  6 ragged hierophants (Desolation)
  7 rakshasas
  Fannar (D:12)
  2 hell beasts
  5 entropy weavers
  7 great orbs of eyes
  A catoblepas (D:13)
  2 ogre magi (Orc:2)
  15 hydras
  17 ice dragons
  4 salamander tyrants
  32 vault guards
  5 spriggan air magi
  A ghost crab (Swamp:3)
  5 servants of whispers (Desolation)
  10 peacekeepers
  13 anacondas
  9 alligators
  12 ironbound frosthearts
  14 centaur warriors
  5 boulder beetles
  35 dancing weapons
  9 two-headed ogres
  6 deep troll shamans
  A satyr (WizLab)
  3 tengu warriors
  7 deep troll earth magi
  2 hell hogs
  3 vampire magi
  5 naga warriors
  An occultist (Depths:3)
  2 orc high priests
  6 shock serpents
  7 naga sharpshooters
  20 spriggan berserkers
  3 shock serpents (shapeshifter)
  7 hell knights
  16 deep elf knights
  A skyshark (Lair:4)
  9 iron trolls
  2 soul eaters
  4 sun demons (Depths:1)
  A sixfirhy (Depths:3)
  A bunyip zombie (Crypt:1)
  A death drake (shapeshifter) (Depths:2)
  5 salamander mystics
  2 spriggan druids
  14 mana vipers
  2 flayed ghosts
  4 goliath frogs
  75 deep trolls
  10 arcanists
  3 glowing orange brains
  A shadow dragon zombie (Crypt:2)
  3 sun moths (Zot:4)
  A shadow demon (Depths:2)
  6 phantasmal warriors
  10 swamp dragons
  24 deep elf archers
  A mana viper (shapeshifter) (Vaults:4)
  2 obsidian statues (Zot:5)
  8 naga ritualists
  10 sea snakes
  5 bog bodies
  7 lindwurms
  24 ironbound convokers
  A harpy (shapeshifter) (Vaults:5)
  34 deep elf zephyrmancers
  4 necromancers
  4 harpies (Vaults:2)
  A steelbarb worm (shapeshifter) (Depths:1)
  Pikel (D:6)
  4 orc knights
  2 shining eyes (shapeshifter)
  3 shining eyes (Zot:3)
  A shadow dragon skeleton (Depths:1)
  33 deep elf pyromancers
  35 ugly things
  2 oklob plants
  7 cyclopes
  4 manticores
  Maurice (Orc:2)
  18 moths of wrath
  A faun (WizLab)
  20 salamanders
  12 naga magi
  10 elephants
  3 will-o-the-wisps
  34 black mambas
  A titan simulacrum (Depths:2)
  2 ice statues
  10 guardian serpents
  19 vault sentinels
  A water nymph (shapeshifter) (Depths:2)
  2 molten gargoyles
  2 centaur skeletons
  3 smoke demons
  19 cane toads
  2 gargoyles
  14 komodo dragons
  10 tengu conjurers
  2 rime drakes
  A steelbarb worm zombie (Crypt:1)
  62 yaktaurs
  A spark wasp simulacrum (Depths:2)
  An anaconda simulacrum (IceCv)
  An ice devil (IceCv)
  8 freezing wraiths
  2 efreet
  12 trolls
  4 bloated husks
  10 tyrant leeches
  29 hornets
  3 polar bears (Lair:5)
  61 saltlings (Desolation)
  2 glass eyes
  A harpy skeleton (Crypt:2)
  A tengu simulacrum (Depths:2)
  A hydra skeleton (Crypt:1)
  15 blink frogs
  A frost giant simulacrum (Depths:1)
  34 slime creatures
  Sigmund (D:6)
  2 dream sheep (Lair:5)
  2 dire elephant simulacra
  4 wraiths
  34 spriggans
  2 air elementals
  A satyr skeleton (Crypt:1)
  A yak (shapeshifter) (D:15)
  A ynoxinul (Depths:3)
  42 yaks
  3 shadows
  A fire bat (shapeshifter) (D:13)
  3 water elementals
  4 wyverns
  6 humans
  10 fire elementals
  A warg (Orc:1)
  A steam dragon (D:6)
  5 basilisks
  A redback (shapeshifter) (D:15)
  6 redbacks
  3 swamp worm simulacra (Swamp:4)
  13 vampire mosquitoes
  A fire bat zombie (Crypt:1)
  22 nagas
  15 swamp worms
  A swamp worm (shapeshifter) (Vaults:2)
  9 water moccasins
  2 acid dragons
  16 hydra simulacra
  A naga skeleton (Crypt:2)
  2 hell hounds (Lair:1)
  21 orc warriors
  7 black bears
  5 laughing skulls (Crypt:1)
  A manticore zombie (Crypt:1)
  3 ice beasts
  26 ogres
  4 boggarts
  42 wolves
  A blink frog skeleton (Crypt:2)
  14 centaurs
  4 kobold brigands
  9 bullfrogs
  An earth elemental (Elf:2)
  A scorpion (D:8)
  A glowing shapeshifter simulacrum (Depths:2)
  2 two-headed ogre simulacra (IceCv)
  A gnoll sergeant (D:6)
  4 cane toad simulacra (IceCv)
  6 wights
  3 elephant simulacra (IceCv)
  7 killer bees
  An oklob sapling (D:8)
  7 electric eels
  3 howler monkeys (D:9)
  A centaur zombie (D:5)
  7 hounds
  A human zombie (Crypt:2)
  3 jellies
  A gnoll bouda (D:6)
  13 orc priests
  15 orc wizards
  2 scorpion zombies (D:5)
  Natasha (thrice) (D:3)
  5 iguanas
  2 polar bear simulacra (IceCv)
  7 spriggan simulacra (IceCv)
  4 troll simulacra (IceCv)
  A wolf simulacrum (IceCv)
  A killer bee zombie (D:5)
  A crocodile zombie (Crypt:1)
  A hound skeleton (Crypt:1)
  3 hound zombies
  14 gnolls
  13 adders
  7 naga simulacra (IceCv)
  A river rat (Sewer)
  2 ribbon worm zombies
  A shadow imp (D:5)
  20 white imps
  8 ufetubi
  5 swamp drake simulacra (Swamp:4)
  2 ribbon worms
  4 dart slugs
  60 orcs
  6 bats (D:1)
  10 endoplasms
  3 giant cockroaches
  18 goblins
  11 hobgoblins
  13 jackals
  7 quokkas
  25 ball pythons
  2 frilled lizards
  19 kobolds
  11 rats
  A river rat skeleton (Crypt:2)
  An aspiring flesh (Zot:5)
  2 lurking horrors (Zot:3)
  2 spectral weapons
2359 creatures vanquished.

Vanquished Creatures (collateral kills)
  A salamander tyrant (Snake:4)
  A naga warrior (Snake:4)
  A two-headed ogre (D:8)
  A hornet (Swamp:1)
  A spriggan (Swamp:1)
5 creatures vanquished.

Vanquished Creatures (others)
  A golden dragon (Zot:5)
  A black draconian (Zot:2)
  A spriggan berserker (Depths:4)
  A deep troll (Depths:4)
  2 deep elf pyromancers (Elf:2)
  A tengu conjurer (D:15)
  A hornet (Depths:4)
  A saltling (Desolation)
  A boggart (Lair:5)
  An orc wizard (D:6)
  2 orcs (Elf:1)
  4 foxfires
  A lurking horror (Zot:3)
  58 spectral weapons
76 creatures vanquished.

Grand Total: 2440 creatures vanquished

Notes
Turn   | Place    | Note
-------+----------+-------------------------------------------
     0 | D:1      | swappor the Minotaur Berserker began the quest for the Orb.
     0 | D:1      | Reached XP level 1. HP: 19/19 MP: 0/0
   121 | D:1      | Reached skill level 4 in Fighting
   197 | D:1      | Reached XP level 2. HP: 27/27 MP: 1/1
   529 | D:1      | Reached skill level 1 in Shields
   575 | D:1      | Reached skill level 1 in Throwing
   626 | D:1      | Reached ** piety under Trog
   716 | D:1      | Reached XP level 3. HP: 33/33 MP: 2/2
  1144 | D:2      | Found Ejatad's Antique Armour Shoppe.
  2158 | D:2      | Found a faded altar of an unknown god.
  2284 | D:3      | Noticed Natasha
  2288 | D:3      | Killed Natasha
  2289 | D:3      | Reached XP level 4. HP: 22/41 MP: 3/3
  2366 | D:3      | Noticed Natasha
  2374 | D:3      | Killed Natasha
  2604 | D:3      | Found a shadowy altar of Dithmenos.
  2663 | D:3      | Found Zoekin's Book Boutique.
  2707 | D:3      | Found a runed translucent door.
  2709 | D:3      | Noticed Ofeo's ghost (amateur NaHu)
  2712 | D:3      | Noticed Natasha
  2751 | D:3      | Killed Natasha
  2752 | D:3      | Reached XP level 5. HP: 47/47 MP: 4/4
  2820 | D:3      | Reached skill level 5 in Fighting
  2820 | D:3      | Reached skill level 5 in Axes
  3608 | D:4      | Reached XP level 6. HP: 57/57 MP: 5/5
  3642 | D:4      | Found a blossoming altar of Fedhas.
  3749 | D:4      | Reached skill level 6 in Fighting
  3749 | D:4      | Found an iron altar of Okawaru.
  3751 | D:4      | Reached *** piety under Trog
  4397 | D:5      | Entered Level 5 of the Dungeon
  4431 | D:5      | Noticed an ice beast
  4472 | D:5      | Reached XP level 7. HP: 60/64 MP: 6/6
  4491 | D:5      | Reached skill level 7 in Fighting
  4686 | D:5      | Found an ornate altar of the Wu Jian Council.
  4816 | D:5      | Found a staircase to the Ecumenical Temple.
  4892 | D:5      | Reached skill level 8 in Fighting
  4919 | D:5      | Found a basalt altar of Yredelemnul.
  5079 | D:5      | Found a runed translucent door.
  5081 | D:5      | Noticed Xavori's ghost (novice DjCK)
  5101 | D:5      | Reached XP level 8. HP: 74/74 MP: 7/7
  5381 | D:6      | Noticed Pikel
  5532 | D:6      | Reached **** piety under Trog
  5785 | D:6      | Found a glowing drain.
  5789 | Sewer    | Entered a sewer
  5937 | Sewer    | Found a white marble altar of Elyvilon.
  6075 | D:6      | Killed Pikel
  6236 | D:6      | Found a sparkling altar of Nemelex Xobeh.
  6463 | D:6      | Reached skill level 9 in Fighting
  6463 | D:6      | Reached XP level 9. HP: 44/83 MP: 8/8
  6607 | D:6      | Reached skill level 10 in Axes
  6610 | D:6      | Noticed Sigmund
  6739 | D:6      | Killed Sigmund
  7358 | D:6      | Reached skill level 10 in Fighting
  7936 | D:7      | Found a shimmering altar of Xom.
  8037 | D:8      | Reached ***** piety under Trog
  8168 | D:8      | Reached skill level 11 in Fighting
  8238 | D:8      | Noticed an oklob plant
  8554 | D:8      | Found a glowing golden altar of the Shining One.
  8757 | D:8      | Found a snail-covered altar of Cheibriados.
  8781 | D:8      | Found a broken altar of Ashenzari.
  8935 | D:8      | Found a staircase to the Lair.
  8935 | D:8      | Noticed a komodo dragon
  8950 | D:8      | Killed a komodo dragon
  8951 | D:8      | Reached XP level 10. HP: 63/97 MP: 9/9
  9134 | D:8      | Noticed a two-headed ogre
  9162 | D:8      | Killed a two-headed ogre
  9163 | D:8      | Reached skill level 12 in Fighting
  9600 | D:8      | Killed an oklob plant
  9601 | D:8      | Reached skill level 5 in Throwing
  9601 | D:8      | Reached skill level 5 in Shields
  9657 | D:8      | Paralysed by a hornet for 1 turns
  9978 | D:9      | Noticed an ice statue
 10130 | D:9      | Killed an ice statue
 10184 | D:9      | Found an ancient bone altar of Kikubaaqudgha.
 10290 | D:9      | Found a radiant altar of Vehumet.
 10309 | D:9      | Found Nederosoze's Book Boutique.
 10536 | D:9      | Found a sacrificial altar of Ru.
 10606 | D:9      | Found a bloodstained altar of Trog.
 10617 | D:9      | Identified the +4 falchion of the Crypt {holy, Str+3 Int+4}
 10628 | D:9      | Noticed a boulder beetle
 10647 | D:9      | Killed a boulder beetle
 10886 | D:10     | Entered Level 10 of the Dungeon
 11022 | D:10     | Found a glowing silver altar of Zin.
 11379 | D:10     | Noticed a gargoyle
 11390 | D:10     | Killed a gargoyle
 11391 | D:10     | Reached XP level 11. HP: 86/105 MP: 10/10
 11583 | D:10     | Found a white marble altar of Elyvilon.
 11846 | D:11     | Found a staircase to the Orcish Mines.
 11965 | D:11     | Noticed a boulder beetle
 11998 | D:11     | Killed a boulder beetle
 12343 | D:11     | Noticed a tengu reaver
 12348 | D:11     | Noticed a deep elf pyromancer
 12348 | D:11     | Noticed a boulder beetle
 12388 | D:11     | Noticed a deep elf pyromancer
 12483 | D:11     | Reached skill level 13 in Fighting
 13872 | Lair:1   | Entered Level 1 of the Lair of Beasts
 13905 | Lair:1   | Reached skill level 15 in Axes
 14305 | Lair:1   | Reached skill level 14 in Fighting
 14554 | Lair:1   | Reached XP level 12. HP: 111/118 MP: 11/11
 15415 | Lair:2   | Reached skill level 15 in Fighting
 15475 | Lair:2   | Noticed a boulder beetle
 15489 | Lair:2   | Killed a boulder beetle
 16114 | Lair:2   | Reached skill level 16 in Fighting
 16420 | Lair:2   | Found a staircase to the Snake Pit.
 16956 | Lair:3   | Noticed an eleionoma
 18185 | Lair:3   | Noticed an eight-headed hydra
 18201 | Lair:3   | Killed an eight-headed hydra
 18202 | Lair:3   | Reached XP level 13. HP: 111/129 MP: 12/12
 18346 | Lair:3   | Found a staircase to the Swamp.
 18362 | Lair:3   | Killed an eleionoma
 20041 | Lair:5   | Entered Level 5 of the Lair of Beasts
 20212 | Lair:5   | Noticed Snorg
 20749 | Lair:4   | Reached skill level 17 in Fighting
 21171 | Lair:5   | Killed Snorg
 21370 | Lair:5   | Reached ****** piety under Trog
 22665 | Lair:5   | Reached XP level 14. HP: 141/141 MP: 13/13
 22673 | Lair:5   | Found a staircase to the Slime Pits.
 23615 | D:12     | Found a portal to a secret trove of treasure.
 24036 | D:12     | Reached skill level 18 in Fighting
 24167 | D:12     | Found Ubuc's Pet Rocks.
 24189 | D:12     | Bought a wand of digging (4) for 218 gold pieces
 24189 | D:12     | Bought a wand of digging (6) for 327 gold pieces
 24664 | D:11     | Killed a tengu reaver
 25001 | D:11     | Identified the amulet "Maoh Roe" {Faith rC- rN+ Regen+
                  | Int+3}
 25205 | D:12     | Noticed Fannar
 25218 | D:12     | Killed Fannar
 25222 | D:12     | Identified the +2 war axe of Jod Qoid {flame, rPois rF+
                  | rC+} (Trog gifted it to you on level 12 of the Dungeon)
 25222 | D:12     | Received a gift from Trog
 25865 | D:13     | Found a gate to the Vaults.
 25879 | D:13     | Reached skill level 19 in Fighting
 26094 | D:13     | You fall into a shaft and drop 2 floors!
 26094 | D:15     | Entered Level 15 of the Dungeon
 26794 | D:13     | Found a stormy altar of Qazlal.
 26938 | D:13     | Reached skill level 20 in Fighting
 27298 | D:14     | Found a broken altar of Ashenzari.
 27407 | D:14     | Identified 3 scrolls of acquirement
 27408 | D:14     | Acquired the ring "Moer" {rElec rF+ rC+}
 27426 | D:14     | Acquired the +2 cloak of Hubris {Will+ rCorr}
 27847 | D:15     | Received a gift from Trog
 28067 | D:14     | Gained mutation: Your magical capacity is low. (-10% MP) [a
                  | shining eye]
 28128 | D:15     | Reached XP level 15. HP: 134/155 MP: 12/12
 28191 | D:15     | Found a staircase to the Depths.
 28361 | D:15     | Reached skill level 10 in Shields
 28629 | D:15     | Reached skill level 10 in Throwing
 29082 | Orc:1    | Entered Level 1 of the Orcish Mines
 29345 | Orc:1    | Found Komoetu's Antique Weapon Shop.
 29562 | Orc:2    | Entered Level 2 of the Orcish Mines
 29568 | Orc:2    | Identified the +9 executioner's axe "Kuizaaso" {heavy,
                  | rPois rC++ rCorr Dex-2} (Trog gifted it to you on level 2
                  | of the Orcish Mines)
 29568 | Orc:2    | Received a gift from Trog
 29580 | Orc:2    | Noticed Jorgrun
 29602 | Orc:1    | Killed Jorgrun
 29603 | Orc:1    | Reached skill level 5 in Armour
 29603 | Orc:1    | Reached skill level 5 in Dodging
 29836 | Orc:2    | Found a staircase to the Elven Halls.
 29836 | Orc:2    | Found a frozen archway.
 29857 | IceCv    | Entered an ice cave
 30095 | IceCv    | Identified the +2 helmet of Vehumet's Favour {Int+5 Stlth-}
 30181 | IceCv    | Received a gift from Trog
 30851 | Orc:2    | Found Kifi's Assorted Antiques.
 30853 | Orc:2    | Noticed Maurice
 31150 | Orc:2    | Killed Maurice
 31374 | Orc:2    | Found Egheet Cure's Distillery.
 31386 | Orc:2    | Found Nonk's Distillery.
 31401 | Orc:2    | Bought a scroll of fog for 128 gold pieces
 31401 | Orc:2    | Bought a scroll of identify for 64 gold pieces
 31411 | Orc:2    | Bought a potion of lignification for 39 gold pieces
 31411 | Orc:2    | Bought a potion of ambrosia for 104 gold pieces
 31411 | Orc:2    | Bought a potion of curing for 39 gold pieces
 31411 | Orc:2    | Bought a potion of haste for 130 gold pieces
 31411 | Orc:2    | Bought a potion of attraction for 39 gold pieces
 31411 | Orc:2    | Bought a potion of curing for 39 gold pieces
 31411 | Orc:2    | Bought a potion of haste for 130 gold pieces
 31411 | Orc:2    | Bought a potion of haste for 130 gold pieces
 31413 | Orc:2    | Found Taim's Magic Scroll Emporium.
 31417 | Orc:2    | Bought a potion of resistance for 150 gold pieces
 31422 | Orc:2    | Bought a scroll of torment for 123 gold pieces
 31422 | Orc:2    | Bought a scroll of poison for 52 gold pieces
 31422 | Orc:2    | Bought a scroll of blinking for 97 gold pieces
 31422 | Orc:2    | Bought a scroll of teleportation for 39 gold pieces
 31422 | Orc:2    | Bought a scroll of enchant weapon for 97 gold pieces
 31422 | Orc:2    | Bought a scroll of teleportation for 39 gold pieces
 31422 | Orc:2    | Bought a scroll of identify for 26 gold pieces
 31801 | Swamp:1  | Entered Level 1 of the Swamp
 31830 | Swamp:1  | Received a gift from Trog
 32598 | Swamp:1  | Reached XP level 16. HP: 107/162 MP: 13/13
 34396 | Swamp:3  | Noticed a thorn hunter
 34407 | Swamp:3  | Killed a thorn hunter
 34538 | Swamp:3  | Noticed Don Ynad's ghost (adept FoDe)
 34539 | Swamp:3  | Noticed a thorn hunter
 34542 | Swamp:3  | Found a transporter.
 34546 | Swamp:3  | Reached XP level 17. HP: 170/170 MP: 14/14
 35140 | Swamp:3  | Found a transporter.
 35374 | Swamp:3  | Acquired 1276 gold pieces
 35392 | Swamp:4  | Entered Level 4 of the Swamp
 35782 | Swamp:4  | Reached skill level 15 in Shields
 35801 | Swamp:4  | Received a gift from Trog
 36127 | Swamp:4  | Got a decaying rune of Zot
 36875 | Snake:1  | Entered Level 1 of the Snake Pit
 37181 | Snake:1  | Identified the serpent talisman "Otaevv Taof" {rElec Will++
                  | Dex-4}
 37181 | Snake:1  | Noticed Aizul
 37200 | Snake:1  | Killed Aizul
 37546 | Snake:1  | Found Otuzytz's Distillery.
 37737 | Snake:1  | Identified the +0 chain mail of the Apprentice {Harm *Slow
                  | rElec Int+3}
 37805 | Snake:1  | Noticed Mlioglotl
 37812 | Snake:1  | Killed Mlioglotl
 37813 | Snake:1  | Reached skill level 15 in Throwing
 38073 | Snake:1  | Found Foud's One-of-a-Kind Rings.
 38080 | Snake:1  | Bought the ring of Rudgh {Will++ AC+6 Str-2 Int+3 Slay+5}
                  | for 2071 gold pieces
 38946 | Snake:2  | Noticed Azrael
 38951 | Snake:2  | Noticed Frances
 38981 | Snake:1  | Killed Frances
 38982 | Snake:1  | Reached XP level 18. HP: 178/178 MP: 15/15
 39101 | Snake:2  | Killed Azrael
 39294 | Snake:2  | Noticed Asterion
 39315 | Snake:1  | Killed Asterion
 39787 | Snake:3  | Received a gift from Trog
 40621 | Snake:3  | HP: 5/178 [poisoned by a nagaraja (bolt of poison)]
 41188 | Snake:4  | Entered Level 4 of the Snake Pit
 42289 | Snake:4  | Received a gift from Trog
 42290 | Snake:4  | Reached skill level 10 in Armour
 42559 | Snake:4  | Reached skill level 10 in Dodging
 43417 | Snake:4  | Got a serpentine rune of Zot
 43753 | Elf:1    | Entered Level 1 of the Elven Halls
 44059 | Elf:1    | Reached XP level 19. HP: 151/179 MP: 16/16
 44156 | Elf:1    | Received a gift from Trog
 44240 | Elf:1    | Found a shimmering blue altar of Sif Muna.
 44819 | Elf:1    | Found a huge runed translucent gate.
 44819 | Elf:1    | Found a huge runed translucent gate.
 44819 | Elf:1    | Found a huge runed translucent gate.
 44820 | Elf:1    | Found a huge runed translucent gate.
 44821 | Elf:1    | Found a huge runed translucent gate.
 44821 | Elf:1    | Found a huge runed translucent gate.
 44821 | Elf:1    | Found a huge runed translucent gate.
 44822 | Elf:1    | Found a huge runed translucent gate.
 44822 | Elf:1    | Found a huge runed translucent gate.
 44822 | Elf:1    | Found a huge runed translucent gate.
 44822 | Elf:1    | Found a huge runed translucent gate.
 44822 | Elf:1    | Found a huge runed translucent gate.
 44822 | Elf:1    | Found a huge runed translucent gate.
 44822 | Elf:1    | Found a huge runed translucent gate.
 44823 | Elf:1    | Found a huge runed translucent gate.
 44824 | Elf:1    | Found a huge runed translucent gate.
 44825 | Elf:1    | Found a huge runed translucent gate.
 44826 | Elf:1    | Found a huge runed translucent gate.
 44832 | Elf:1    | Found a huge runed translucent gate.
 44833 | Elf:1    | Found a huge runed translucent gate.
 44833 | Elf:1    | Found a huge runed translucent gate.
 44833 | Elf:1    | Found a huge runed translucent gate.
 44835 | Elf:1    | Found a huge runed translucent gate.
 44856 | Elf:1    | Found a huge runed translucent gate.
 44857 | Elf:1    | Found a huge runed translucent gate.
 44858 | Elf:1    | Found a huge runed translucent gate.
 44862 | Elf:1    | Found a huge runed translucent gate.
 44863 | Elf:1    | Found a huge runed translucent gate.
 44988 | Elf:1    | Found a huge runed translucent gate.
 44990 | Elf:1    | Found a huge runed translucent gate.
 44994 | Elf:1    | Found a huge runed translucent gate.
 44995 | Elf:1    | Found a huge runed translucent gate.
 44996 | Elf:1    | Found a huge runed translucent gate.
 45148 | Elf:1    | Found a huge runed translucent gate.
 45148 | Elf:1    | Found a huge runed translucent gate.
 45149 | Elf:1    | Found a huge runed translucent gate.
 45713 | Elf:1    | Noticed a Tzitzimitl
 46222 | Elf:1    | Received a gift from Trog
 46331 | Elf:2    | Found a runed translucent gate.
 47103 | Elf:2    | Found a runed translucent gate.
 47105 | Elf:2    | Found a runed translucent gate.
 47507 | Elf:2    | Received a gift from Trog
 47909 | Elf:3    | Entered Level 3 of the Elven Halls
 48180 | Elf:3    | Identified the +6 broad axe of the Abyss {flame, rPois rF-
                  | Dex+7 Stlth-} (Trog gifted it to you on level 3 of the
                  | Elven Halls)
 48180 | Elf:3    | Received a gift from Trog
 48275 | Elf:3    | Reached XP level 20. HP: 192/193 MP: 17/17
 48531 | Elf:3    | Found Virorit's Distillery.
 48538 | Elf:3    | Bought a potion of haste for 100 gold pieces
 48552 | Elf:3    | Bought a potion of enlightenment for 50 gold pieces
 49331 | Elf:3    | Identified the amulet "Sisattua" {Acrobat Int+4}
 49885 | Elf:3    | Paralysed by an air elemental for 1 turns
 49912 | Elf:3    | Identified the +6 great mace of the Evening {drain, rPois
                  | rC- rN+}
 49977 | Elf:3    | Identified the +9 plate armour of Too Many Cooks {rPois
                  | Int-4 Dex+3}
 49977 | Elf:3    | Identified the ring "Waenew" {Wiz rC- Int+5 Dex+4}
 49980 | Elf:3    | Identified the +5 battleaxe "Ustrogufi" {vamp, rElec Dex+3}
 49980 | Elf:3    | Identified the +6 scale mail of Qyiwamos {Rampage}
 50366 | Elf:3    | Identified the amulet of Xom's Amusement {Spirit Rampage
                  | Int+5}
 51183 | Elf:3    | Identified the +1 flail of Crusades {venom, rC- rN+ Str-4
                  | Int+7}
 51433 | Orc:2    | Bought a potion of heal wounds for 75 gold pieces
 51433 | Orc:2    | Bought a potion of lignification for 45 gold pieces
 51433 | Orc:2    | Bought a potion of haste for 150 gold pieces
 51661 | Snake:1  | Bought a potion of invisibility for 104 gold pieces
 51661 | Snake:1  | Bought a potion of haste for 130 gold pieces
 51661 | Snake:1  | Bought 2 potions of mutation for 208 gold pieces
 51661 | Snake:1  | Bought a potion of lignification for 39 gold pieces
 51864 | Vaults:1 | Entered Level 1 of the Vaults
 52067 | Vaults:1 | Found a crumbling gateway.
 52083 | Desolati | Entered the Desolation of Salt
 52088 | Desolati | Identified the +7 war axe "Vaz Faeta" {heavy, +Blink Str+2}
                  | (Trog gifted it to you in the Desolation of Salt)
 52088 | Desolati | Received a gift from Trog
 52211 | Desolati | Identified the +6 quarterstaff of Barnacled Prudence
                  | {drain, Fly}
 52293 | Desolati | Identified the +0 mace of Calamity {pain, Str+2 Int+2}
 52448 | Desolati | Identified the amulet of Noon {Spirit ^Contam rElec rF+++
                  | Will+}
 52705 | Desolati | Identified the ring of Tiethas {rF++ rC+}
 52718 | Desolati | Identified the +3 kite shield "Addeusyo" {Slay+3}
 53110 | Vaults:1 | Found a runed translucent gate.
 53110 | Vaults:1 | Found a runed translucent gate.
 53110 | Vaults:1 | Found a runed translucent gate.
 53168 | Vaults:1 | Received a gift from Trog
 53213 | Vaults:1 | Found Gekhlipoi's Antique Armour Shoppe.
 53309 | Vaults:1 | Found Qesyelug's Magic Scroll Shop.
 53317 | Vaults:1 | Bought a scroll of enchant weapon for 112 gold pieces
 53317 | Vaults:1 | Bought a scroll of blinking for 112 gold pieces
 53334 | Vaults:1 | Found Muaghim's Assorted Antiques.
 53750 | Vaults:1 | Reached XP level 21. HP: 201/201 MP: 17/17
 54176 | Vaults:1 | Received a gift from Trog
 54305 | Vaults:1 | Found Wyozusot's Weapon Shoppe.
 54391 | Vaults:1 | Identified the +3 ring mail of Guoxiph {Harm rC+}
 54823 | Vaults:1 | Found a glowing golden altar of the Shining One.
 54847 | Vaults:1 | Identified the +0 scale mail "Ryshruosch" {rN+ Str+2}
 55207 | Vaults:2 | Found a magical portal.
 55351 | Vaults:2 | Reached skill level 15 in Armour
 55407 | Vaults:2 | Found Piete's Antique Weapon Emporium.
 55483 | Vaults:2 | Identified the +1 hand axe "Nosutoi" {flame, Will- Int-5
                  | Dex+7 SInv} (Trog gifted it to you on level 2 of the
                  | Vaults)
 55483 | Vaults:2 | Received a gift from Trog
 55517 | WizLab   | Entered Eringya's Formal Garden
 55886 | WizLab   | Reached skill level 15 in Dodging
 55886 | WizLab   | Found a blossoming altar of Fedhas.
 56410 | Vaults:2 | Reached skill level 1 in Maces & Flails
 56717 | Vaults:2 | Reached skill level 5 in Maces & Flails
 56783 | Vaults:2 | Received a gift from Trog
 57356 | Vaults:2 | Identified the +8 battleaxe of the Open Hand {speed, rElec
                  | Str+4}
 57596 | Vaults:3 | Noticed Boris
 57606 | Vaults:2 | Killed Boris
 57607 | Vaults:2 | Reached skill level 10 in Maces & Flails
 57607 | Vaults:2 | Reached XP level 22. HP: 209/209 MP: 16/18
 57644 | Vaults:3 | Received a gift from Trog
 58520 | Vaults:3 | Received a gift from Trog
 58549 | Vaults:3 | Noticed Bai Suzhen
 58587 | Vaults:3 | Killed Bai Suzhen
 59209 | Vaults:3 | Found Zussoakk's General Store.
 59290 | Vaults:3 | Found a staircase to the Crypt.
 59525 | Vaults:4 | Reached skill level 15 in Maces & Flails
 59765 | Vaults:4 | Identified the +0 war axe of Destiny {heavy, Dex+4}
 59916 | Vaults:4 | Received a gift from Trog
 60229 | Vaults:4 | Found Guh Lai's Armour Boutique.
 60902 | Vaults:5 | Entered Level 5 of the Vaults
 61620 | Vaults:5 | Noticed Jory
 61630 | Vaults:5 | Killed Jory
 61636 | Vaults:5 | Reached XP level 23. HP: 188/215 MP: 15/19
 61744 | Vaults:5 | Received a gift from Trog
 62303 | Vaults:5 | Identified the ring "Oluviuh" {rF+ Will- Int+6 Stlth+}
 62334 | Vaults:5 | Identified the amulet of Rovuege {Spirit rPois Int+5}
 62619 | Vaults:5 | Identified the ring "Xoir" {rPois rCorr Int+2}
 62948 | Vaults:5 | Identified the +0 hand axe "Limemyc" {freeze, rC+}
 63087 | Vaults:5 | Identified the +10 quarterstaff "Xuly" {freeze, rC- rN+
                  | Int+10 Dex-5}
 63088 | Vaults:5 | Identified the +10 mace of Hall {flame, rC- Will+ Int+2
                  | Stlth+}
 63323 | Vaults:4 | Noticed Xtahua
 63338 | Vaults:4 | Killed Xtahua
 64099 | Vaults:5 | Received a gift from Trog
 64203 | Vaults:5 | Got a silver rune of Zot
 64464 | Vaults:5 | Noticed an ancient lich
 64481 | Vaults:5 | Killed an ancient lich
 64700 | Vaults:5 | Identified the +1 leather armour of Complete Protection
                  | {Slay+2}
 64708 | Vaults:5 | Identified the +1 dagger of Growth {speed, rF+ Will+ Dex+6
                  | Stlth-}
 64972 | Crypt:1  | Entered Level 1 of the Crypt
 65828 | Crypt:1  | You are sucked into a shaft and drop 1 floor!
 66299 | Depths:1 | Entered Level 1 of the Depths
 66320 | Depths:1 | Received a gift from Trog
 66446 | Depths:1 | Found a one-way gateway to a ziggurat.
 66582 | Depths:1 | Found a gateway to Hell.
 66583 | Depths:1 | Identified the ring of Dabuch {rF- MP+9 Str+6 SInv Stlth+}
 67092 | Depths:1 | Found a runed translucent gate.
 67093 | Depths:1 | Found a runed translucent gate.
 67093 | Depths:1 | Found an ancient bone altar of Kikubaaqudgha.
 67094 | Depths:1 | Found a runed translucent gate.
 67094 | Depths:1 | Noticed Zaitink's ghost (adept DgAE)
 67094 | Depths:1 | Noticed a dread lich
 67095 | Depths:1 | Noticed an ancient lich
 67095 | Depths:1 | Noticed an ancient lich
 67095 | Depths:1 | Noticed a dread lich
 67474 | Depths:1 | You are sucked into a shaft and drop 1 floor!
 67474 | Depths:2 | Found a corrupted altar of Lugonu.
 67474 | Depths:2 | Found a one-way gate to the infinite horrors of the Abyss.
 67524 | Depths:2 | Received a gift from Trog
 67540 | Depths:2 | Reached XP level 24. HP: 186/221 MP: 17/19
 68519 | Depths:2 | Identified the +1 arbalest of Nydecv Wime {penet, Int+5
                  | Dex-4}
 68882 | Depths:2 | Identified the amulet "Zegu" {Spirit Str+5}
 69066 | Depths:2 | Identified the ring "Lussil" {Ice rPois MP+9 Str+2}
 69066 | Depths:2 | Noticed Josephina
 69074 | Depths:2 | Killed Josephina
 69205 | Depths:2 | Received a gift from Trog
 69485 | Depths:2 | Found a hide-covered altar of Uskayaw.
 69534 | Depths:2 | Found Vadith's Distillery.
 69542 | Depths:2 | Bought a potion of haste for 210 gold pieces
 69542 | Depths:2 | Bought a potion of cancellation for 168 gold pieces
 69542 | Depths:2 | Bought a potion of attraction for 63 gold pieces
 69542 | Depths:2 | Bought a potion of mutation for 168 gold pieces
 69641 | Depths:2 | Found a one-way gate leading to the halls of Pandemonium.
 71920 | Depths:4 | Entered Level 4 of the Depths
 72345 | Depths:4 | Noticed a juggernaut
 72346 | Depths:4 | Noticed Boris
 72534 | Depths:4 | Killed a juggernaut
 72671 | Depths:4 | Received a gift from Trog
 72788 | Depths:4 | Killed Boris
 72810 | Depths:4 | Reached XP level 25. HP: 224/231 MP: 19/19
 73615 | Depths:4 | Found a gate to the Realm of Zot.
 73910 | Depths:4 | Found a bloodstained altar of Trog.
 74445 | Zot:1    | Entered Level 1 of the Realm of Zot
 74601 | Zot:1    | Received a gift from Trog
 74709 | Zot:1    | Noticed Vv
 74730 | Zot:1    | Killed Vv
 75802 | Zot:1    | Noticed Parghit
 75811 | Zot:1    | Killed Parghit
 76400 | Zot:2    | Noticed an orb of fire
 76628 | Zot:2    | Reached skill level 21 in Fighting
 78047 | Zot:2    | Received a gift from Trog
 78319 | Zot:3    | Reached skill level 22 in Fighting
 79185 | Zot:3    | Found a corrupted altar of Lugonu.
 79432 | Zot:3    | Identified the +3 shortbow of Ad Valorem {freeze, *Slow
                  | rCorr Int+3 Dex+2}
 80039 | Zot:3    | Reached skill level 23 in Fighting
 80150 | Zot:4    | Reached XP level 26. HP: 241/250 MP: 18/19
 80155 | Zot:4    | Noticed an orb of fire
 80170 | Zot:4    | Killed an orb of fire
 80714 | Zot:4    | Reached skill level 24 in Fighting
 81225 | Zot:5    | Entered Level 5 of the Realm of Zot
 81644 | Zot:5    | Reached skill level 25 in Fighting
 82327 | Zot:5    | Noticed an orb of fire
 82341 | Zot:5    | Noticed an orb of fire
 82405 | Zot:5    | Killed an orb of fire
 82412 | Zot:5    | Noticed a dread lich
 82418 | Zot:5    | Killed an orb of fire
 82428 | Zot:4    | Reached skill level 26 in Fighting
 82483 | Zot:4    | Killed a dread lich
 82483 | Zot:4    | Received a gift from Trog
 82521 | Zot:5    | Noticed an ancient lich
 82607 | Zot:5    | Killed an ancient lich
 82755 | Zot:5    | Noticed an orb of fire
 82756 | Zot:5    | Gained mutation: You occasionally shout uncontrollably at
                  | your foes. [an orb of fire]
 82767 | Zot:5    | Killed an orb of fire
 82768 | Zot:5    | Noticed an ancient lich
 82772 | Zot:5    | Killed an ancient lich
 82845 | Zot:5    | Noticed a dread lich
 82847 | Zot:5    | Noticed an ancient lich
 82849 | Zot:5    | Noticed a dread lich
 82859 | Zot:5    | Killed a dread lich
 82867 | Zot:5    | Killed an ancient lich
 82868 | Zot:5    | Reached skill level 27 in Fighting
 82876 | Zot:5    | Killed a dread lich
 82960 | Zot:5    | Noticed a dread lich
 82966 | Zot:5    | Killed a dread lich
 83388 | Zot:5    | Reached XP level 27. HP: 273/273 MP: 19/19
 83472 | Zot:5    | Got the Orb of Zot
 83995 | D:$      | Escaped with the Orb!

Illustrated notes

Levels and vault maps discovered:
D:1:      dpeg_arrival_brainrot, layout_basic, st_stairs_1
D:2:      layout_basic, ebering_ecumenical_altar_webs, serial_shops, shop,
          minmay_tiny_reverse_x
D:3:      cheibrodos_greedy_goblins, layout_basic, lemuel_tele_altar,
          serial_shops, nicolae_shop_behind_doors, gammafunk_ghost_grave,
          uniq_natasha
D:4:      minmay_polygon_palace, layout_cave_pools, kennysheep_little_box,
          okawaru_altar_gauntlet_db
D:5:      layout_basic, nzn_wu_jian_contemplation,
          nicolae_yredelemnul_corpse_copse, minmay_temple_entry_arrows,
          ebering_ghost_reflecting_pool, dk_noncrumbling_3
D:6:      layout_cave_pods, mainiacjoe_overflow_24_doors,
          gup_sewer_entry_spiral, hangedman_minor_gate_pass, uniq_pikel,
          uniq_sigmund
D:7:      layout_rooms, kennysheep_mini_moat
D:8:      layout_loops_cross, tso_metal_star, mainiacjoe_overflow_big_doors,
          david_lair_shrubbed, introduction_to_nature_2
D:9:      lemuel_ice_statue, layout_gridville, mainiacjoe_overflow_tiny_flanked,
          bloody_trog, mainiacjoe_overflow_concentric_impassable,
          hangedman_ru_absence, serial_shops, nicolae_book_shop_shelving,
          nzn_sisyphean_effort
D:10:     layout_roguey, nicolae_elyvilon_temple_path,
          mainiacjoe_overflow_catwalk
D:11:     layout_stronghold, david_orc_3, chequers_avenue,
          onia_ninara_dug_in_and_dangerous
D:12:     layout_basic, enter_trove_0, guppyfry_shop_earth, uniq_fannar
D:13:     layout_irregular_city, erik_vaults_1, nicolae_qazlal_eye_of_the_storm
D:14:     layout_gridville, nicolae_ashenzari_skybound
D:15:     hangedman_depths_entry_civil_slaughter, layout_loops_cross,
          corexii_corridor_pit, st_stairs_2, grunt_decor_junction
Lair:1:   layout_gridlike, enter_volcano_3
Lair:2:   layout_chaotic_city, nicolae_snake_entry_squirm
Lair:3:   layout_misc_corridors, alex1729_swamp_entry_worm_eleionoma,
          grunt_megastairs_2
Lair:4:   layout_concentric_octagons
Lair:5:   minmay_lair_end_enchanted_forest, layout_loops_ring,
          minmay_slime_entry_pillars, uniq_snorg
Swamp:1:  layout_basic_swamp, hangedman_swamp_lotus,
          nicolae_swamp_bloodsuckers_inc
Swamp:2:  layout_basic_swamp, hangedman_swamp_blocks
Swamp:3:  layout_basic_swamp, gammafunk_ghost_arena,
          nicolae_swamp_well_well_well, nicolae_swamp_tree_isthmus
Swamp:4:  swamp_icy, layout_basic_swamp
Snake:1:  layout_layer_cave, serial_shops, nicolae_shop_behind_doors,
          nicolae_shop_unique_rings, uniq_mlioglotl, uniq_aizul
Snake:2:  layout_rooms, serial_bayou_shore_b, serial_bayou_shore_a,
          uniq_asterion, uniq_azrael, uniq_frances
Snake:3:  layout_misc_corridors, drop_trap, st_stairs_10, guppyfry_snake_island
Snake:4:  snake_pit_salamanders_mu, layout_basic, serial_bayou_ford_a
Orc:1:    layout_caves, serial_shops, nicolae_shop_advertising_works
          [nicolae_subvault_shop_adworks]
Orc:2:    st_orc_open, layout_diamond_mine, portal_ice_cave_entry_imps,
          uniq_maurice, uniq_jorgrun
Elf:1:    layout_geoelf_diagonals, basic_altar, minivault_28, door_vault
Elf:2:    nicolae_elf_blades_splatter_lattice
          [nicolae_blade_entry_crossed_weapons], layout_rooms, corner_web_ring
Elf:3:    elf_hall_gauntlet_narrow, layout_geoelf_castle, serial_shops, shop,
          serial_library_hellmonk_room_a
Vaults:1: portal_desolation_entry_twin_temple, v_rooms_3,
          nicolae_vaults_storage_closets_1, nicolae_vaults_tetromino_Z_1,
          vaults_standard_mumra_lines, nicolae_vaults_asterisk,
          nicolae_vaults_weapon_check, abrahamwl_protected_by_tso_1,
          nicolae_vaults_storage_closets_3, layout_vaults_omnigrid,
          serial_shops, nicolae_shop_stone, nicolae_shop_pleasant_corner_grove,
          shop, shop
Vaults:2: mu_enter_wizlab_6, vaults_room_corners, nicolae_vaults_network_star,
          vaults_dpeg_diagonal, nicolae_vaults_cornered_office,
          nicolae_vaults_double_plus_1, ontoclasm_vaults_fault,
          nicolae_vaults_big_ls, nicolae_vaults_cornered_office,
          nicolae_vaults_border_crossing, nicolae_vaults_trapezoid_lopsided_4,
          nicolae_vaults_variable_pillar_hall, nicolae_vaults_shelves_hall,
          layout_vaults_ring, serial_shops, nicolae_shop_peninsula
Vaults:3: nicolae_vaults_network_quincunx
          [nicolae_vaults_network_quincunx_subvault,
          nicolae_vaults_network_quincunx_subvault,
          nicolae_vaults_network_quincunx_subvault,
          nicolae_vaults_network_quincunx_subvault,
          nicolae_vaults_network_quincunx_subvault],
          nicolae_vaults_doubleplus_tesselated,
          nicolae_vaults_variable_pillar_hall, minmay_crypt_entry_nasty_monster,
          nicolae_vaults_circle_grid_b, vaults_mumra_chevron,
          grunt_vaults_swirl, vaults_dpeg_emergency_exit,
          vaults_room_semicircle, nicolae_vaults_mini_display_case,
          vaults_mumra_hex, vaults_mumra_lcd, nicolae_vaults_heart-shaped_vault,
          layout_vaults_big_room, serial_shops, shop, uniq_boris,
          uniq_bai_suzhen
Vaults:4: nicolae_vaults_closet_pinwheel_2, v_rooms_5, hangedman_vaults_locks,
          ontoclasm_vaults_idyll, nicolae_vaults_network_quinsquares
          [nicolae_vaults_network_quincunx_subvault,
          nicolae_vaults_network_quincunx_subvault,
          nicolae_vaults_network_quincunx_subvault,
          nicolae_vaults_network_quincunx_subvault], vaults_room_door_hall,
          nicolae_vaults_trapezoid_lopsided_1, nicolae_vaults_network_s,
          vaults_dpeg_doors, nicolae_vaults_security_offices_4,
          nicolae_vaults_bisected_slash, nicolae_vaults_hallways_thing,
          nicolae_vaults_tangram_1, ontoclasm_vaults_loading_screen,
          layout_vaults_omnibox, serial_shops, shop, uniq_xtahua
Vaults:5: serial_shops, uniq_jory
Crypt:1:  layout_regular_city, st_stairs_4,
          serial_library_regret_index_small_wings
Crypt:2:  layout_gridlike
Depths:1: layout_roguey, enter_ziggurat_c, hellmouth_3, columned_hall_lemuel,
          gammafunk_ghost_crypt, lemuel_flamethrower_1
Depths:2: minmay_the_grid_square_5x5_4x4
          [minmay_the_grid_square_5x5_broken_cross,
          minmay_the_grid_square_5x5_fancy_junction,
          minmay_the_grid_square_5x5_empty, minmay_the_grid_square_5x5_bite,
          minmay_the_grid_square_5x5_inner_v,
          minmay_the_grid_square_5x5_prize_pseudospiral,
          minmay_the_grid_square_5x5_prize_junk, minmay_the_grid_square_5x5_meh,
          minmay_the_grid_square_5x5_two_walls_b,
          minmay_the_grid_square_5x5_prize_monsterx,
          minmay_the_grid_square_5x5_prize_gold,
          minmay_the_grid_square_5x5_detours, minmay_the_grid_square_5x5_comb,
          minmay_the_grid_square_5x5_doubleslash,
          minmay_the_grid_square_5x5_hollow_slash,
          minmay_the_grid_square_5x5_minimal], layout_long_grid,
          hangedman_coc_ice_floe, abyss_entry_flame_altar, serial_shops, shop,
          nicolae_uskayaw_murder_on_the_dancefloor, rand_demon_pan_entry_9,
          uniq_josephina
Depths:3: minmay_big_diamond_grid, layout_basic, rand_demon_pan_entry_4,
          grunt_hell_entry_dis_mu, nicolae_abyss_entry_one_way_or_another
Depths:4: grunt_zot_entry_alcove, layout_honeycomb, hangedman_decor_lopped,
          hellmouth_1, minmay_parallelograms, hex_large,
          serial_library_hellmonk_big_corner, evilmike_spriggan_trog_shrine
Zot:1:    layout_gridville, uniq_vv, uniq_parghit
Zot:2:    layout_misc_corridors, nrook_zot_tub,
          regret_index_zotdec_twisting_globes
Zot:3:    layout_basic, amcnicky_altar_lugonu_corruption,
          regret_index_zotdec_banners
Zot:4:    circus_mu, layout_misc_corridors
Zot:5:    layout_cathedral_of_symmetry, st_stairs_12

Skill      XL: |  1  2  3  4  5  6  7  8  9 10 11 12 13 14 15 16 17 18 19 20 21 22 23 24 25 26 27 |
---------------+----------------------------------------------------------------------------------+-----
Fighting       | 4 5 6 8 9 11 12 14 16 17 20 23 27 | 27.0
Axes           | 4 5 6 8 9 12 13 16 19 20 | 20.0
Shields        | 1 2 3 4 6 8 9 12 14 16 17 20 21 22 | 22.0
Throwing       | 1 2 4 6 8 9 12 13 15 16 18 20 | 20.0
Armour         | 3 4 6 10 13 15 17 20 | 20.0
Dodging        | 3 4 6 10 12 15 16 19 20 | 20.0
Maces & Flails | 10 15 16 21 24 | 24.4

Action                     |  1- 3 |  4- 6 |  7- 9 | 10-12 | 13-15 | 16-18 | 19-21 | 22-24 | 25-27 || total
---------------------------+-------+-------+-------+-------+-------+-------+-------+-------+-------++-------
  Melee: Hand axe          |   106 |   163 |    88 |       |       |       |       |       |       ||   357
         Headbutt          |    16 |    30 |    82 |   180 |   331 |   180 |   334 |   569 |   319 ||  2041
         Punch             |     1 |       |     3 |    21 |     4 |       |       |       |       ||    29
         Flail             |       |       |   283 |   752 |   657 |       |       |       |       ||  1692
         War axe           |       |       |       |       |   186 |       |    10 |       |       ||   196
         Broad axe         |       |       |       |       |   501 |   790 |  1000 |   134 |    25 ||  2450
         Demon whip        |       |       |       |       |       |       |   147 |  1397 |   882 ||  2426
  Throw: Boomerang         |       |       |     9 |    50 |    48 |    46 |    37 |     4 |    39 ||   233
         Dart              |       |       |       |     5 |     2 |       |       |       |       ||     7
         Throwing net      |       |       |       |     1 |       |       |       |       |     1 ||     2
         Javelin           |       |       |       |     4 |    13 |     4 |     1 |     1 |     2 ||    25
 Invoke: Trog's Hand       |     1 |     4 |     1 |       |     5 |     3 |       |       |       ||    14
         Berserk           |       |     2 |     3 |     4 |     9 |     8 |     4 |     6 |     7 ||    43
         Brothers in Arms  |       |       |     1 |     1 |     1 |     1 |       |       |     4 ||     8
Ability: Evoke Blink       |       |       |       |       |       |       |       |     1 |       ||     1
  Evoke: Wand              |       |       |     1 |    16 |     2 |     4 |       |       |       ||    23
    Use: Scroll            |       |       |     7 |     6 |    14 |    10 |    12 |     5 |     8 ||    62
         Potion            |       |       |       |     1 |     2 |     4 |     5 |     1 |     7 ||    20
   Stab: Distracted        |       |       |       |       |       |       |     8 |    25 |    25 ||    58
 Armour: Animal skin       |    42 |       |       |       |       |       |       |       |       ||    42
         Leather armour    |    23 |       |       |       |       |       |       |       |       ||    23
         Ring mail         |     3 |    45 |       |       |       |       |       |       |       ||    48
         Chain mail        |       |    66 |   265 |   337 |       |       |       |       |       ||   668
         Plate armour      |       |       |       |   226 |  1013 |   450 |   600 |   830 |   160 ||  3279
         Gold dragon scale |       |       |       |       |       |       |       |       |   442 ||   442
  Dodge: Dodged            |    83 |    91 |   174 |   251 |   348 |   101 |   220 |   407 |   257 ||  1932
  Block: Other             |       |       |    38 |   143 |    77 |       |       |       |       ||   258
         Reflection        |       |       |     1 |     3 |    41 |    88 |   112 |       |       ||   245
         Buckler           |       |       |       |       |   343 |       |       |       |       ||   343
         Tower shield      |       |       |       |       |   219 |   882 |   693 |       |       ||  1794
         Kite shield       |       |       |       |       |    14 |       |   436 |  1007 |   495 ||  1952

Table legend: (Time is in decaauts)
 A = Elapsed time spent in this place.
 B = Non-inter-level travel time spent in this place.
 C = Inter-level travel time spent in this place.
 D = Time resting spent in this place.
 E = Time spent auto-exploring this place.
 F = Levels seen in this place.
 G = Mean time per level.
                   A        B        C        D        E       F      G
               +--------+--------+--------+--------+--------+-----+--------+
         Total |  82852 |  77405 |   5447 |  22737 |  24583 |  53 | 1563.2 |
       Dungeon |  20305 |  18004 |   2301 |   2896 |   7237 |  15 | 1353.7 |
          Lair |  10188 |   9238 |    950 |   3455 |   2905 |   5 | 2037.6 |
         Swamp |   5216 |   4980 |    236 |   1488 |   2008 |   4 | 1304.0 |
     Snake Pit |   6277 |   5969 |    308 |   2446 |    517 |   4 | 1569.2 |
  Orcish Mines |   2769 |   2595 |    174 |   1412 |    631 |   2 | 1384.5 |
   Elven Halls |   6489 |   6155 |    334 |   1911 |    230 |   3 | 2163.0 |
        Vaults |  11142 |  10700 |    442 |   3194 |   4394 |   5 | 2228.4 |
         Crypt |    899 |    881 |     18 |      0 |    589 |   2 |  449.5 |
        Depths |   7851 |   7561 |    290 |   2113 |   3288 |   4 | 1962.8 |
           Zot |   8882 |   8494 |    388 |   3357 |   1801 |   5 | 1776.4 |
         Sewer |    228 |    228 |      0 |      0 |    146 |   1 |  228.0 |
      Ice Cave |    834 |    834 |      0 |      0 |    429 |   1 |  834.0 |
        Wizlab |    861 |    861 |      0 |    255 |    226 |   1 |  861.0 |
    Desolation |    906 |    906 |      0 |    207 |    180 |   1 |  906.0 |
               +--------+--------+--------+--------+--------+-----+--------+

Top non-repeatable levels by time:
Vaults:4: 3081 daAuts
   Elf:3: 2718 daAuts
    D:11: 2617 daAuts
Depths:3: 2549 daAuts
  Lair:4: 2439 daAuts
  Lair:2: 2415 daAuts
     D:8: 2313 daAuts
Vaults:5: 2249 daAuts
   Zot:2: 2119 daAuts
Vaults:1: 2043 daAuts
 Snake:4: 2036 daAuts
   Zot:3: 2026 daAuts
  Lair:5: 1968 daAuts
     D:6: 1945 daAuts
   Orc:2: 1922 daAuts
